 Dungeon Crawl Stone Soup version 0.28-a0-465-ge2dae52223 (webtiles) character file.

Game seed: 2223784310482820932

3301 Spaninq the Cleaver (level 10, -5/90 HPs)
             Began as a Hill Orc Cinder Acolyte on Sept 14, 2021.
             Was a High Priest of Ignis.
             Slain by a two-headed ogre (15 damage)
             ... on level 8 of the Dungeon.
             The game lasted 00:20:30 (9974 turns).

Spaninq the Cleaver (Hill Orc Cinder Acolyte)       Turns: 9974, Time: 00:20:31

Health: -5/90      AC: 10    Str: 20    XL:     10   Next: 1%
Magic:  1/14       EV:  7    Int: 14    God:    Ignis [*****.]
Gold:   527        SH:  5    Dex:  7    Spells: 13/15 levels left

rFire   + . .      SeeInvis .   s - +1 war axe (vorpal)
rCold   . . .      Faith    .   (no shield)
rNeg    . . .      Spirit   .   e - +0 chain mail
rPois   .          Reflect  +   b - +0 helmet
rElec   .          Harm     .   (no cloak)
rCorr   .          Rampage  .   (no gloves)
Will    .....                   (no boots)
Stlth   ..........              y - amulet of reflection
HPRegen 0.25/turn               (no ring)
MPRegen 0.14/turn               (no ring)

@: very slightly contaminated
A: no striking features
a: Renounce Religion, Sea of Fire, Foxfire Swarm, Rising Flame


You were on level 8 of the Dungeon.
You worshipped Ignis.
Ignis was extremely pleased with you.
You visited 2 branches of the dungeon, and saw 9 of its levels.

You collected 527 gold pieces.

Inventory:

Hand Weapons
 a - a +0 hand axe of flaming
 k - a +2 whip of venom
 n - a +2 whip of freezing
 s - a +1 vorpal war axe (weapon)
Armour
 b - a +0 helmet (worn)
 e - a +0 chain mail (worn)
 v - a +0 ring mail
Jewellery
 y - an amulet of reflection (around neck)
Wands
 l - a wand of acid (7)
 r - a wand of digging (5)
 u - a wand of mindburst (7)
Scrolls
 c - 3 scrolls of magic mapping {unknown}
 f - a scroll of torment {unknown}
 m - a scroll of fog {unknown}
 p - a scroll of noise {unknown}
 q - a scroll of teleportation {unknown}
 t - 2 scrolls of brand weapon {unknown}
 w - a scroll of silence {unknown}
 x - 3 scrolls of identify {unknown}
 B - 4 scrolls of blinking {unknown}
Potions
 d - 3 potions of mutation {unknown}
 g - a potion of heal wounds {unknown}
 h - 3 potions of curing
 i - a potion of flight {unknown}
 o - a potion of berserk rage {unknown}
 z - a potion of invisibility {unknown}
 A - 2 potions of haste {unknown}


   Skills:
 + Level 8.5 Fighting
 * Level 12.2 Axes
 + Level 4.5 Armour
 - Level 3.0 Spellcasting
 + Level 6.9 Fire Magic


You had 13 spell levels left.
You knew the following spells:

 Your Spells              Type           Power      Damage    Failure   Level
a - Scorch                Fire           42%        2d7       19%         2

Your spell library contained the following spells:

 Spells                   Type           Power      Damage    Failure   Level
 Sandblast                Erth           4%         2d4       90%         1
 Sting                    Tmut/Pois      8%         1d3       90%         1
 Summon Small Mammal      Summ           8%         N/A       90%         1
 Blink                    Tloc           N/A        N/A       97%         2
 Passwall                 Tmut/Erth      1%         N/A       97%         2
 Poisonous Vapours        Pois/Air       4%         N/A       97%         2
 Sublimation of Blood     Necr           1%         N/A       97%         2
 Call Canine Familiar     Summ           2%         N/A       99%         3
 Lesser Beckoning         Tloc           2%         N/A       99%         3
 Stone Arrow              Conj/Erth      4%         3d7       99%         3
 Summon Guardian Golem    Hex/Summ       2%         N/A       99%         3
 Cause Fear               Hex            1%         N/A       100%        4
 Olgreb's Toxic Radiance  Pois           2%         N/A       100%        4
 Petrify                  Tmut/Erth      2%         N/A       100%        4
 Fireball                 Conj/Fire      5%         3d5       100%        5
 Irradiate                Conj/Tmut      1%         3d13      100%        5
 Iskenderun's Battlesphe  Conj           2%         2d6       100%        5
 Manifold Assault         Tloc           2%         N/A       100%        5
 Metabolic Englaciation   Hex/Ice        1%         N/A       100%        5
 Conjure Ball Lightning   Conj/Air       1%         3x3d6     100%        6
 Statue Form              Tmut/Erth      1%         N/A       100%        6
 Dragon Form              Tmut           1%         N/A       100%        7
 Orb of Destruction       Conj           1%         N/A       100%        7
 Dragon's Call            Summ           1%         N/A       100%        9


Dungeon Overview and Level Annotations

Branches:
Dungeon (8/15)             Temple (1/1) D:6            Lair (0/6) D:8

Altars:
Ashenzari
Cheibriados
Dithmenos
Elyvilon
Fedhas
Gozag
Hepliaklqana
Makhleb
Nemelex Xobeh
Qazlal
Ru
Sif Muna
Trog
Uskayaw
Vehumet
Wu Jian
Yredelemnul
Zin
The Shining One

Shops:
D:4 ?


Message History

Casting: Scorch (safe; 19% risk of failure)
Confirm with . or Enter, or press ? or * to list all spells.
Flames lash the two-headed ogre.
The two-headed ogre is burned terribly!
The two-headed ogre is heavily wounded.
The two-headed ogre hits you with a +0 giant club!!
The two-headed ogre hits you with a +0 dire flail.
Casting: Scorch (safe; 19% risk of failure)
Confirm with . or Enter, or press ? or * to list all spells.
You miscast Scorch.
You are very lightly contaminated with residual magic.
Nothing appears to happen.
The two-headed ogre hits you with a +0 giant club!
The two-headed ogre hits you with a +0 dire flail.
Casting: Scorch (safe; 19% risk of failure)
Confirm with . or Enter, or press ? or * to list all spells.
Flames lash the two-headed ogre.
The two-headed ogre is burned terribly!
The two-headed ogre is severely wounded.
The two-headed ogre is no longer more vulnerable to fire.
Casting: Scorch (safe; 19% risk of failure)
Confirm with . or Enter, or press ? or * to list all spells.
You miscast Scorch.
Nothing appears to happen.
The two-headed ogre hits you with a +0 giant club.
The two-headed ogre hits you with a +0 dire flail!
Casting: Scorch (safe; 19% risk of failure)
Confirm with . or Enter, or press ? or * to list all spells.
You miscast Scorch.
Nothing appears to happen.
The two-headed ogre hits you with a +0 giant club!
* * * LOW HITPOINT WARNING * * *
You block the two-headed ogre's attack.
You hit the two-headed ogre but do no damage.
The two-headed ogre is severely wounded.
The two-headed ogre closely misses you.
The two-headed ogre hits you with a +0 dire flail!
* * * LOW HITPOINT WARNING * * *
Your chain mail prevents you from hitting the two-headed ogre.
The two-headed ogre is severely wounded.
You barely miss the two-headed ogre.
The two-headed ogre is severely wounded.
The two-headed ogre hits you with a +0 giant club!
You die...

.#....# #..##.#
......# #..##.#
.#....#####..##.##
.#...........##..
.#.##.######.##.#
...#### #.##.##
...# #.....## ...#
#....#.# ...#
#.###@## ...#
#.##..O###
#........#
##.............
#...(.....#####
##....)..#..
##.....#.####
##...#.##. .#
##.#.# .## .


You could see a two-headed ogre.

Vanquished Creatures
  A hornet (D:8)
  Sigmund (D:5)
  A steam dragon (D:8)
  3 water moccasins
  3 sky beasts
  A black bear (D:6)
  An ice beast (D:7)
  A necrophage (D:6)
  An ogre (D:5)
  2 phantoms
  Blork the orc (D:5)
  2 bullfrogs (D:7)
  A water moccasin zombie (D:5)
  3 scorpions
  9 killer bees
  A bullfrog zombie (D:6)
  A jelly (D:5)
  2 gnoll shamans (D:7)
  An orc priest (D:6)
  7 hounds
  A bullfrog skeleton (D:6)
  3 iguanas
  3 orc wizards
  A killer bee zombie (D:7)
  16 gnolls
  6 adders
  A shadow imp (D:5)
  2 white imps (D:5)
  3 ufetubi
  2 dart slugs
  21 orcs
  13 ball pythons
  5 endoplasms
  5 giant cockroaches
  9 goblins
  10 hobgoblins
  2 jackals (D:1)
  2 quokkas
  3 bats (D:2)
  3 frilled lizards
  5 kobolds
  7 rats
166 creatures vanquished.

Vanquished Creatures (others)
  20 foxfires (D:6)
  14 plants (D:4)
34 creatures vanquished.

Grand Total: 200 creatures vanquished

Notes
Turn   | Place    | Note
-------+----------+-------------------------------------------
     0 | D:1      | Spaninq the Hill Orc Cinder Acolyte began the quest for the
                  | Orb.
     0 | D:1      | Reached XP level 1. HP: 19/19 MP: 2/2
   197 | D:1      | Reached XP level 2. HP: 20/27 MP: 3/3
   201 | D:1      | Learned a level 2 spell: Scorch
   335 | D:1      | Found a faded altar of an unknown god.
   989 | D:1      | Reached XP level 3. HP: 33/33 MP: 1/4
  1309 | D:2      | Reached skill level 5 in Axes
  1372 | D:2      | Reached XP level 4. HP: 40/40 MP: 1/6
  2898 | D:3      | Reached XP level 5. HP: 47/47 MP: 4/7
  3182 | D:4      | Found Heceun's Magic Scroll Shoppe.
  3514 | D:4      | Reached skill level 6 in Axes
  3710 | D:4      | Found a stormy altar of Qazlal.
  3711 | D:4      | Found a basalt altar of Yredelemnul.
  3905 | D:4      | Reached XP level 6. HP: 43/55 MP: 2/9
  4191 | D:4      | Reached skill level 5 in Fighting
  4603 | D:5      | Entered Level 5 of the Dungeon
  4615 | D:5      | Reached skill level 7 in Axes
  4753 | D:5      | Noticed Blork the orc
  4782 | D:5      | Killed Blork the orc
  4783 | D:5      | Reached skill level 5 in Fire Magic
  4783 | D:5      | Reached XP level 7. HP: 30/61 MP: 2/10
  5151 | D:5      | Reached skill level 8 in Axes
  5426 | D:5      | Noticed Sigmund
  5430 | D:5      | Found a sacrificial altar of Ru.
  5444 | D:5      | Killed Sigmund
  5445 | D:5      | Reached XP level 8. HP: 26/70 MP: 11/11
  5783 | D:5      | Found a hide-covered altar of Uskayaw.
  5901 | D:5      | Reached skill level 9 in Axes
  6480 | D:6      | Found a staircase to the Ecumenical Temple.
  6497 | Temple   | Entered the Ecumenical Temple
  6802 | D:5      | Reached skill level 1 in Armour
  6876 | D:6      | Reached skill level 10 in Axes
  7460 | D:6      | Reached XP level 9. HP: 65/79 MP: 2/13
  8352 | D:7      | Reached skill level 11 in Axes
  9599 | D:8      | Found a staircase to the Lair.
  9632 | D:8      | Noticed a hornet
  9643 | D:8      | Killed a hornet
  9644 | D:8      | Reached skill level 12 in Axes
  9650 | D:8      | Reached XP level 10. HP: 40/90 MP: 1/14
  9960 | D:8      | Noticed a two-headed ogre
  9974 | D:8      | Slain by a two-headed ogre

Illustrated notes

Levels and vault maps discovered:
D:1:      dpeg_arrival_more_subterranean_lakeside_camping, layout_loops_cross,
          chequers_ecumenical_altar_grove
D:2:      layout_basic
D:3:      layout_loops_cross, st_stairs_3
D:4:      layout_basic, nicolae_overflow_hidden_temple, serial_shops,
          nicolae_shop_competitors_out_of_business, serial_bayou_lagoon_b
D:5:      layout_basic, lemuel_doored_altar, old_standard_altar, uniq_sigmund,
          uniq_blork_the_orc
D:6:      layout_cave_pools, minmay_temple_entry_proselytizer
D:7:      layout_loops_cross, kennysheep_generic_room_3
D:8:      layout_loops_ring, mainiacjoe_overflow_alcove_4, dpeg_oklobed_lair,
          nzn_ghost_randoct
Temple:   regret_index_temple_generic_petals

Skill      XL: |  1  2  3  4  5  6  7  8  9 |
---------------+----------------------------+-----
Fighting       | 4 5 6 7 8 |  8.5
Axes           | 5 6 7 8 10 12 | 12.2
Fire Magic     | 4 5 6 |  6.9
Spellcasting   | 2 3 |  3.0
Armour         | 2 4 |  4.5

Action                   |  1- 3 |  4- 6 |  7- 9 | 10-12 || total
-------------------------+-------+-------+-------+-------++-------
Melee: Hand axe          |    58 |     1 |    16 |       ||    75
       Whip              |       |    40 |    98 |       ||   138
       War axe           |       |       |   115 |     3 ||   118
 Cast: Scorch            |    14 |    72 |    71 |     4 ||   161
Invok: Foxfire Swarm     |       |       |     1 |       ||     1
  Use: Potion            |       |       |     2 |       ||     2
Armor: Robe              |     3 |       |       |       ||     3
       Leather armour    |     6 |    10 |       |       ||    16
       Chain mail        |       |       |   147 |       ||   147
       Ring mail         |       |       |     6 |       ||     6
Dodge: Dodged            |    27 |    38 |   110 |     1 ||   176
Block: Other             |       |       |    64 |     1 ||    65

Table legend: (Time is in decaauts)
 A = Elapsed time spent in this place.
 B = Non-inter-level travel time spent in this place.
 C = Inter-level travel time spent in this place.
 D = Time resting spent in this place.
 E = Time spent auto-exploring this place.
 F = Levels seen in this place.
 G = Mean time per level.
                   A        B        C        D        E       F      G
               +--------+--------+--------+--------+--------+-----+--------+
         Total |   9988 |   9665 |    323 |   2952 |   5210 |   9 | 1109.8 |
       Dungeon |   9749 |   9460 |    289 |   2952 |   5015 |   8 | 1218.6 |
        Temple |    238 |    204 |     34 |      0 |    195 |   1 |  238.0 |
               +--------+--------+--------+--------+--------+-----+--------+

Top non-repeatable levels by time:
     D:5: 2285 daAuts
     D:4: 1413 daAuts
     D:2: 1387 daAuts
     D:7: 1386 daAuts
     D:1: 1073 daAuts
     D:6: 933 daAuts
     D:3: 813 daAuts
     D:8: 457 daAuts
  Temple: 238 daAuts
